 Dungeon Crawl Stone Soup version 0.17-a0-1949-g1acca9a (webtiles) character file.

181 Kusio the Basher (level 5, -7/54 HPs)
             Began as an Ogre Berserker on Oct 2, 2015.
             Was a Believer of Trog.
             Mangled by Crazy Yiuf
             ... wielding a +2 quarterstaff of chaos
              (10 damage)
             ... on level 2 of the Dungeon.
             The game lasted 00:04:46 (1211 turns).

Kusio the Basher (Ogre Berserker)                   Turns: 1211, Time: 00:04:49

Health: -7/54      AC:  3    Str: 22    XL:     5   Next: 61%
Magic:  5/5        EV: 10    Int:  6    God:    Trog [**....]
Gold:   62         SH:  0    Dex: 10    Spells: 0 memorised, 4 levels left

rFire  . . .     SeeInvis +     a - +0 mace
rCold  . . .     Clarity  .     b - +0 animal skin
rNeg   . . .     SustAt   .     (no shield)
rPois  .         Gourm    .     (helmet restricted)
rElec  .         Spirit   .     (no cloak)
rCorr  .         Warding  .     (gloves unavailable)
rMut   .         Stasis   .     (boots unavailable)
MR     .....                    (no amulet)
Stlth  ++........               n - ring of see invisible
                                m - ring of stealth

@: confused, lethally poisoned (-7 -> -12), exhausted, slowed, very slow, not
resistant to hostile enchantments, unstealthy
A: unfitting armour, tough skin 1
a: Burn Spellbooks, Berserk, Trog's Hand, Renounce Religion


You were on level 2 of the Dungeon.
You worshipped Trog.
Trog was pleased with you.
You were very hungry.

You visited 1 branch of the dungeon, and saw 3 of its levels.

You collected 62 gold pieces.

Inventory:

Hand weapons
 a - a +0 mace (weapon)
Armour
 b - a +0 animal skin (worn)
Jewellery
 m - a ring of stealth (left hand)
 n - a ring of see invisible (right hand)
Scrolls
 h - 3 scrolls of identify {unknown}
 j - a scroll of enchant weapon {unknown}
 k - a scroll of teleportation {unknown}
 l - 3 scrolls of magic mapping {unknown}
 q - 2 scrolls of enchant armour {unknown}
Potions
 d - a potion of magic {unknown}
 e - 2 potions of might {unknown}
 f - a potion of invisibility {unknown}
 o - a potion of curing {unknown}
 p - a potion of mutation {unknown}
 r - a potion of lignification {unknown}
Comestibles
 c - a bread ration
 g - a meat ration
 i - 5 chunks of flesh


   Skills:
 - Level 4.0 Fighting
 + Level 8.1 Maces & Flails
 - Level 2.6 Dodging


You had 4 spell levels left.
You didn't know any spells.

Dungeon Overview and Level Annotations

Branches:
Dungeon (3/15)

Altars:
Kikubaaqudgha
Qazlal

Annotations:
D:2 Crazy Yiuf


Innate Abilities, Weirdness & Mutations

You are too large for most types of armour.
You have tough skin (AC +1).


Message History

You feel sick.
Crazy Yiuf zaps a wand.
You resist with some effort. Crazy Yiuf misses you.
You feel sick.
Crazy Yiuf hits you with a quarterstaff of chaos.
* * * LOW HITPOINT WARNING * * *
Crazy Yiuf freezes you.
* * * LOW HITPOINT WARNING * * *
You're too confused to move!
You feel sick.
Crazy Yiuf hits you with a quarterstaff of chaos.
* * * LOW HITPOINT WARNING * * *
Crazy Yiuf burns you.
* * * LOW HITPOINT WARNING * * *
* * * LOW HITPOINT WARNING * * *
You feel sick.
Crazy Yiuf laughs, "Seed ladder ragdoll!"
Crazy Yiuf zaps a wand.
You are more confused.
Crazy Yiuf laughs, "Aardvark!"
Crazy Yiuf hits you with a quarterstaff of chaos!
You die...

............# #...##
#.>...... .####)###...#
#...# #....... .##...#
#...# ##.## #......
.##.### #...# #.## .....
.##.# #...# ##.# ....
.##.# ##### #.## #..
.#..) ##.# #.# ....#
##.## #.# #### ......
#@g.# #.# #... ....##
#...# #.# #... ....#
#..)# ##.#####... ....#
##### #.......... ......
##..####... ..#.##
################.####...
.#...
.............)))........
.....
..............##>.......
..#.#
####.........#######...


You could see Crazy Yiuf.

Vanquished Creatures
  9 gnolls (D:2)
  5 adders (D:2)
  An ooze (D:2)
  A giant gecko (D:2)
  9 hobgoblins
  3 jackals (D:2)
  5 kobolds
  A quokka (D:2)
  A ball python (D:2)
  5 bats (D:1)
  3 giant newts (D:1)
  2 goblins (D:2)
  6 rats
51 creatures vanquished.

Notes
Turn   | Place    | Note
--------------------------------------------------------------
     0 | D:1      | Kusio the Ogre Berserker began the quest for the Orb.
     0 | D:1      | Reached XP level 1. HP: 24/24 MP: 1/1
   119 | D:1      | Reached XP level 2. HP: 25/32 MP: 2/2
   270 | D:1      | Reached skill level 5 in Maces & Flails
   555 | D:2      | Reached XP level 3. HP: 35/39 MP: 3/3
   797 | D:2      | Acquired Trog's second power
   797 | D:2      | Reached skill level 6 in Maces & Flails
   799 | D:2      | Reached XP level 4. HP: 48/48 MP: 4/4
   879 | D:2      | Reached skill level 7 in Maces & Flails
   886 | D:2      | Reached XP level 5. HP: 37/54 MP: 5/5
   935 | D:2      | Found an ancient bone altar of Kikubaaqudgha.
  1098 | D:2      | Reached skill level 8 in Maces & Flails
  1173 | D:2      | Found a stormy altar of Qazlal.
  1194 | D:2      | Noticed Crazy Yiuf
  1211 | D:2      | Mangled by Crazy Yiuf

Vault maps used:
D:1:      mrwooster_arrival_statue
D:2:      lemuel_doored_altar, grunt_qazlal_clouds, uniq_crazy_yiuf_cottage
D:3:      kennysheep_generic_room_3

Action                   |  1- 3 |  4- 6 || total
-------------------------+-------+-------++-------
Melee: Mace              |    84 |    65 ||   149
Invok: Berserk           |     2 |     3 ||     5
  Eat: Chunk             |     1 |     4 ||     5
